 Dungeon Crawl Stone Soup version 0.20-a0-351-gc9b4002 (webtiles) character file.

28 Duffy the Skirmisher (level 3, 0/34 HPs)
             Began as a Naga Fighter on Dec 25, 2016.
             Slain by a worm (9 damage)
             ... on level 2 of the Dungeon.
             The game lasted 00:00:58 (1514 turns).

Duffy the Skirmisher (Naga Fighter)                 Turns: 1514, Time: 00:00:59

Health: 0/34       AC:  4    Str: 19    XL:     3   Next: 12%
Magic:  3/3        EV:  5    Int:  8    God:
Gold:   35         SH:  9    Dex: 10    Spells: 2/2 levels left

rFire  . . .     SeeInvis +     a - +0 war axe
rCold  . . .     Gourm    .     b - +0 scale mail
rNeg   . . .     Faith    .     c - +0 shield
rPois  +         Spirit   .     (no helmet)
rElec  .         Reflect  .     (no cloak)
rCorr  .         Harm     .     (no gloves)
MR     .....                    (no barding)
Stlth  ..........               (no amulet)
                                (no ring)
                                e - ring of flight

@: very slow
A: see invisible, deformed body, poison resistance, slowness 2, slow metabolism
1, spit poison 1, AC +1
a: Spit Poison, Evoke Flight


You were on level 2 of the Dungeon.
You were not hungry.

You visited 1 branch of the dungeon, and saw 2 of its levels.

You collected 35 gold pieces.

Inventory:

Hand Weapons
 a - a +0 war axe (weapon)
Armour
 b - a +0 scale mail (worn)
 c - a +0 shield (worn)
Jewellery
 e - a ring of flight (left hand)
Scrolls
 g - 2 scrolls of amnesia {unknown}
 h - 3 scrolls of fear {unknown}
 i - a scroll of magic mapping {unknown}
 j - 2 scrolls of identify {unknown}
 l - a scroll of remove curse {unknown}
 n - 4 scrolls of teleportation {unknown}
Potions
 d - 2 potions of might
 m - a potion of agility {unknown}
 q - a potion of cure mutation {unknown}
Comestibles
 f - a bread ration
 k - a slice of pizza
 o - a meat ration
 p - a chunk of flesh


   Skills:
 - Level 3.0 Fighting
 + Level 2.7 Axes
 - Level 2.4 Armour
 + Level 3.0 Shields


You had 2 spell levels left.
You didn't know any spells.

Dungeon Overview and Level Annotations

Branches:
Dungeon (2/15)

Altars:


Innate Abilities, Weirdness & Mutations

You cannot wear boots.
Your serpentine skin is tough. (AC +1)
You have supernaturally acute eyesight. (SInv)
Armour fits poorly on your strangely shaped body.
Your system is resistant to poisons. (rPois)
You cover ground very slowly.
You have a slow metabolism.
You can spit poison.


Message History

You are too injured to fight recklessly!
You are too injured to fight recklessly!
You are too injured to fight recklessly!
You are too injured to fight recklessly!
You are too injured to fight recklessly!
You are too injured to fight recklessly!
The kobold hits you but does no damage. The hobgoblin hits you.
Press: ? - help, Shift-Dir - straight line, f - hobgoblin
Aim: a hobgoblin The splash of poison hits the kobold.
The kobold is poisoned.
You kill the kobold!
Your Shields skill increases to level 3!
You feel slightly more hungry.
You slash the hobgoblin!
You kill the hobgoblin!
You hit the worm but do no damage.
You have got your breath back.
The worm bites you!
You hit the worm but do no damage. The worm bites you!
You die...

###..#.######.##..####.#
#.................####.#
#.#.)..######..(.......#
#.......##.............#
###..............##.######
..........##.###.##.#
#....[#..........#
#.#.#w#.#.###.####
#.....@........#
?...#...(...###..#
#.###.####### #..# # #.
#..# #. ...# #. #.## #.#
.#


You could see a worm.

Vanquished Creatures
  A leopard gecko (D:2)
  5 bats (D:1)
  A giant cockroach (D:1)
  4 goblins (D:1)
  5 hobgoblins
  2 frilled lizards (D:1)
  4 kobolds
  2 rats (D:1)
24 creatures vanquished.

Notes
Turn   | Place    | Note
-------+----------+-------------------------------------------
     0 | D:1      | Duffy the Naga Fighter began the quest for the Orb.
     0 | D:1      | Reached XP level 1. HP: 21/21 MP: 1/1
   156 | D:1      | Reached XP level 2. HP: 25/28 MP: 2/2
  1446 | D:2      | Reached XP level 3. HP: 30/34 MP: 3/3
  1511 | D:2      | Reached skill level 3 in Shields
  1514 | D:2      | Slain by a worm

Vault maps used:
D:1:      erik_arrival_cave_to_civilisation
D:2:      first_bread

Skill      XL: |  1  2  3 |
---------------+----------+-----
Shields        | 3 |  3.0
Fighting       | |  3.0
Axes           | |  2.7
Armour         | |  2.4

Action                   || total
-------------------------++-------
Melee: War axe           ||    98
 Abil: Spit Poison       ||     1
  Eat: Chunk             ||     1
Armor: Scale mail        ||    50
Dodge: Dodged            ||    41
Block: Shield            ||    54
